 Dungeon Crawl Stone Soup version 0.20.1-1-g8b1a95d (webtiles) character file.

36140 gungr the Transmogrifier (level 13, -1/108 HPs)
             Began as an Octopode Transmuter on Oct 29, 2017.
             Was an Initiate of Gozag.
             Shot with an arrow by Nessos (21 damage)
             ... on level 6 of the Lair of Beasts.
             The game lasted 01:12:03 (18795 turns).

gungr the Transmogrifier (Octopode Transmuter)     Turns: 18795, Time: 01:12:03

Health: -1/108     AC:  7    Str: 13    XL:     13   Next: 88%
Magic:  0/34       EV: 13    Int: 17    God:    Gozag
Gold:   1748       SH:  0    Dex: 14    Spells: 13/28 levels left

rFire    x . .     SeeInvis .     - Unarmed
rCold    + + +     Gourm    .   (shield currently unavailable)
rNeg     . . .     Faith    .   (helmet currently unavailable)
rPois    +         Spirit   +   f - amulet of guardian spirit
rElec    .         Reflect  .   l - ring of protection from cold
rCorr    .         Harm     .   p - +4 ring of strength
MR       .....                  d - ring of magical power
Stlth    +.........             j - ring "Jylyit" {+Fly Slay+3}
Regen    0.7/turn               (no ring)
MPRegen  0.3/turn               (no ring)
                                (no ring)
                                (no ring)

@: ice-form, hasted, very quick
A: almost no armour, stealthy swim, amphibious, 8 rings, (constrict 8), dopey 1,
regeneration 1
a: End Transformation, Potion Petition, Call Merchant, Bribe Branch, Renounce
Religion, Evoke Flight


You were on level 6 of the Lair of Beasts.
You worshipped Gozag.
Gozag was most pleased with you.
You were hungry.
You were a creature of crystalline ice.
You visited 3 branches of the dungeon, and saw 18 of its levels.
You also visited: Sewer.

You collected 4209 gold pieces.
You spent 416 gold pieces at shops.
You paid 2045 gold pieces to Gozag.

Inventory:

Missiles
 e - 107 arrows
Armour
 c - a +2 hat of see invisible
 P - a +0 buckler (melded)
 Q - a +2 hat of magic resistance (melded)
Jewellery
 d - a ring of magical power (on tentacle)
 f - an amulet of guardian spirit (around neck)
 g - an uncursed amulet of faith
 j - the ring "Jylyit" (on tentacle) {+Fly Slay+3}
   (You found it on level 11 of the Dungeon)

   [ring of flight]

   It affects your accuracy and damage with ranged weapons and melee attacks
   (+3).
   It lets you fly.
 l - a ring of protection from cold (left front paw)
 p - a +4 ring of strength (right front paw)
 s - a +3 amulet of reflection
Wands
 a - a wand of confusion (29/48)
 v - a wand of acid (7/15)
 y - a wand of random effects (26/48)
 G - a wand of lightning (9/15)
 H - a wand of confusion (39/48)
 M - a wand of lightning (4/15)
 R - a wand of acid (4/15)
 T - a wand of digging (5/24)
 X - a wand of enslavement (7/24)
Scrolls
 h - 6 scrolls of enchant weapon
 i - 5 scrolls of remove curse
 m - 7 scrolls of teleportation
 n - 5 scrolls of amnesia
 o - 5 scrolls of fog
 x - a scroll of magic mapping
 D - 2 scrolls of identify
 J - a scroll of holy word
 L - 5 scrolls of fear
 V - a scroll of blinking
Potions
 k - 2 potions of flight
 t - 3 potions of magic
 z - 2 potions of ambrosia
 A - a potion of invisibility
 C - 5 potions of curing
 F - 2 potions of agility
 O - a potion of resistance
 W - a potion of berserk rage
Books
 b - a book of Changes

   Spells                             Type                      Level
   a - Beastly Appendage              Transmutation                1
   b - Sticks to Snakes               Transmutation                2
   c - Spider Form                    Transmutation/Poison         3
   d - Ice Form                       Ice/Transmutation            4
   e - Blade Hands                    Transmutation                5
 u - a book of Minor Magic

   Spells                             Type                      Level
   a - Magic Dart                     Conjuration                  1
   b - Blink                          Translocation                2
   c - Call Imp                       Summoning                    2
   d - Slow                           Hexes                        2
   e - Conjure Flame                  Conjuration/Fire             3
   f - Mephitic Cloud                 Conjuration/Poison/Air       3
 B - a book of Callings

   Spells                             Type                      Level
   a - Summon Small Mammal            Summoning                    1
   b - Call Imp                       Summoning                    2
   c - Call Canine Familiar           Summoning                    3
   d - Summon Guardian Golem          Hexes/Summoning              3
   e - Summon Lightning Spire         Summoning/Air                4
   f - Summon Ice Beast               Ice/Summoning                4
 E - a book of Flames

   Spells                             Type                      Level
   a - Flame Tongue                   Conjuration/Fire             1
   b - Throw Flame                    Conjuration/Fire             2
   c - Conjure Flame                  Conjuration/Fire             3
   d - Inner Flame                    Hexes/Fire                   3
   e - Sticky Flame                   Conjuration/Fire             4
   f - Fireball                       Conjuration/Fire             5
 I - a book of Frost

   Spells                             Type                      Level
   a - Freeze                         Ice                          1
   b - Throw Frost                    Conjuration/Ice              2
   c - Ozocubu's Armour               Charms/Ice                   3
   d - Throw Icicle                   Conjuration/Ice              4
   e - Summon Ice Beast               Ice/Summoning                4
 K - a book of Transfigurations

   Spells                             Type                      Level
   a - Irradiate                      Conjuration/Transmutation    5
   b - Statue Form                    Transmutation/Earth          6
   c - Hydra Form                     Transmutation                6
   d - Dragon Form                    Transmutation                7
 S - a book of Geomancy

   Spells                             Type                      Level
   a - Sandblast                      Earth                        1
   b - Passwall                       Transmutation/Earth          2
   c - Stone Arrow                    Conjuration/Earth            3
   d - Petrify                        Transmutation/Earth          4
   e - Lee's Rapid Deconstruction     Earth                        5
Comestibles
 q - 4 meat rations
 r - 7 bread rations
 w - 8 royal jellies
 N - 3 fruits


   Skills:
 + Level 8.9 Fighting
 + Level 6.8 Dodging
 * Level 13.1 Unarmed Combat
 + Level 8.3 Spellcasting
 * Level 13.7 Transmutations


You had 13 spell levels left.
You knew the following spells:

 Your Spells              Type           Power        Failure   Level  Hunger
a - Beastly Appendage     Tmut           ######       1%          1    None
b - Sticks to Snakes      Tmut           ######..     1%          2    None
c - Spider Form           Tmut/Pois      ####......   1%          3    #......
d - Blade Hands           Tmut           ######....   1%          5    #####..
e - Ice Form              Ice/Tmut       ####....     6%          4    ###....


Dungeon Overview and Level Annotations

Branches:
Dungeon (11/15)            Temple (1/1) D:5            Lair (6/6) D:8
  Swamp (0/4) Lair:2        Snake (0/4) Lair:2
  Slime: Lair:5-6       Orc: D:9-12

Altars:
Elyvilon
Gozag
Nemelex Xobeh
Qazlal
Ru
Vehumet
Yredelemnul
Zin

Shops:
Lair:3 %

Annotations:
D:7 alkexr's ghost, novice FoFi
Lair:4 exclusion: 2 oklob plants
Lair:6 Nessos


Innate Abilities, Weirdness & Mutations

You cannot wear most types of armour.
You are very stealthy in the water. (Stealth+)
You are amphibious.
You can wear up to eight rings at the same time.
((You can use your tentacles to constrict eight enemies at once.))
((Your skin changes colour to match your surroundings (Stealth+).))
((Your rubbery body absorbs attacks. (AC +1, EV +1)))
((You have a pair of small antennae on your head.))
((You are partially covered in molten scales. (AC +2)))
You are dopey. (Int -2)
Your natural rate of healing is unusually fast.


Message History

You feel sick.
Nessos shoots an arrow.
The arrow hits you!! The arrow melts you!
Nessos stands on his hind legs for a moment.
Nessos shoots an arrow.
The arrow hits you! The arrow melts you.
You see here an arrow.
You feel sick.
Nessos shoots an arrow.
The arrow hits you!!
* * * LOW HITPOINT WARNING * * *
The arrow melts you.
You are lethally poisoned!
Nessos shoots an arrow.
The arrow barely misses you.
You see here an arrow.
You feel better.
Nessos shoots an arrow.
The arrow hits you!
* * * LOW HITPOINT WARNING * * *
The arrow melts you.
* * * LOW HITPOINT WARNING * * *
You feel yourself speed up.
Nessos shoots an arrow.
The arrow misses you.
Nessos blinks!
Nessos shoots an arrow.
The arrow hits you!!
You die...
Your body crumbles into a pile of gold.

....##...
......#c#
......... ...P....
.. ..#.ยง# ...
#...## P..# #...##
....##.(Y.#
.......(.##
.........#
.......(.## ...P
#......(..#
.....######.....##
Y......#.#.##...#
......+....P#...#
....P..........P#


You could see Nessos.

Vanquished Creatures
  Gastronok (Lair:3)
  Josephine (D:11)
  A hydra (Lair:1)
  A two-headed ogre (D:10)
  A necromancer (D:11)
  An ugly thing (D:11)
  An elephant (Lair:2)
  23 spiny frogs
  A black mamba (Lair:4)
  A rime drake (Lair:2)
  6 komodo dragons
  A polar bear (Lair:3)
  3 tyrant leeches (Lair:6)
  24 blink frogs
  2 hippogriffs
  A vampire (D:11)
  A human (D:8)
  4 wraiths (D:11)
  2 hogs (D:8)
  22 yaks
  A basilisk (Lair:5)
  Grum (D:8)
  6 vampire mosquitoes (Lair:6)
  A soldier ant (D:10)
  8 porcupines
  14 water moccasins
  A hornet zombie (D:9)
  2 sky beasts
  3 orc warriors
  A necrophage (D:10)
  3 ice beasts
  A phantom (D:9)
  3 ogres
  8 wolves
  3 centaurs
  12 crocodiles
  25 bullfrogs
  A gnoll sergeant (D:5)
  A water moccasin zombie (D:8)
  4 scorpions
  13 killer bees
  9 wights
  7 howler monkeys
  2 electric eels (D:11)
  4 crimson imps
  A quasit (D:7)
  7 orc priests
  A bullfrog zombie (D:10)
  3 jellies
  4 hounds
  7 orc wizards
  A bullfrog skeleton (D:9)
  A centaur skeleton (D:5)
  3 iguanas
  A polar bear simulacrum (D:11)
  7 worker ants
  A hound zombie (D:6)
  A howler monkey zombie (D:10)
  A worker ant zombie (D:9)
  3 gnolls
  15 adders
  An ooze (D:2)
  2 adder skeletons
  6 worms
  2 dart slugs (D:2)
  3 leopard geckos
  42 orcs
  4 ball pythons
  5 giant cockroaches
  8 goblins
  4 hobgoblins
  7 jackals
  2 quokkas
  10 bats
  6 frilled lizards
  A jackal skeleton (D:4)
  8 kobolds
  A leopard gecko skeleton (D:4)
  A quokka skeleton (D:4)
  A quokka zombie (D:6)
  12 rats
  A river rat simulacrum (D:11)
  2 plants
418 creatures vanquished.

Vanquished Creatures (collateral kills)
  The ghost of Eltigrechino the Blocker, a journeyman TrBe of Trog (Lair:5)
  Snorg (D:11)
  A hydra (Lair:3)
  A troll (D:10)
  A phantom (D:8)
  A sky beast (D:8)
  An ogre (D:6)
  A wolf (Lair:3)
  Blork the orc (D:5)
  2 bullfrogs
  A killer bee (D:9)
  2 crimson imps (D:6)
  2 iguanas
  A worker ant (D:8)
  A killer bee zombie (D:6)
  A gnoll (D:5)
  An adder (D:11)
  4 orcs
  2 fungi
26 creatures vanquished.

Vanquished Creatures (others)
  13 fungi (Lair:6)
  45 plants
58 creatures vanquished.

Grand Total: 502 creatures vanquished

Notes
Turn   | Place    | Note
-------+----------+-------------------------------------------
     0 | D:1      | gungr the Octopode Transmuter began the quest for the Orb.
     0 | D:1      | Reached XP level 1. HP: 13/13 MP: 3/3
   209 | D:1      | Reached XP level 2. HP: 10/18 MP: 3/5
   447 | D:1      | Reached XP level 3. HP: 20/23 MP: 6/6
  1037 | D:1      | Learned a level 2 spell: Sticks to Snakes
  1041 | D:1      | Learned a level 3 spell: Spider Form
  1126 | D:2      | Reached XP level 4. HP: 22/28 MP: 7/7
  1131 | D:2      | Found an opulent altar of Gozag.
  1164 | D:2      | Became a worshipper of Gozag Ym Sagoz the Greedy
  1407 | D:2      | Reached skill level 5 in Unarmed Combat
  2555 | D:3      | Found a glowing drain.
  2578 | Sewer    | Entered a sewer
  2824 | D:3      | Reached XP level 5. HP: 32/33 MP: 4/8
  4185 | D:4      | Found a stormy altar of Qazlal.
  4300 | D:4      | Found a sacrificial altar of Ru.
  4385 | D:4      | Reached XP level 6. HP: 38/38 MP: 9/9
  4525 | D:4      | Noticed a fire elemental
  4528 | D:4      | Noticed a water elemental
  4528 | D:4      | Noticed an air elemental
  4694 | D:5      | Entered Level 5 of the Dungeon
  4782 | D:5      | Noticed Blork the orc
  4799 | D:5      | Killed Blork the orc
  4878 | D:5      | Reached skill level 5 in Transmutations
  4886 | D:5      | Found a staircase to the Ecumenical Temple.
  4952 | D:5      | Reached XP level 7. HP: 41/43 MP: 2/10
  5122 | Temple   | Entered the Ecumenical Temple
  5794 | D:5      | HP: 2/43 [gnoll/halberd (16)]
  6610 | D:6      | Reached XP level 8. HP: 10/48 MP: 2/11
  7791 | D:6      | Learned a level 5 spell: Blade Hands
  7948 | D:7      | Noticed alkexr's ghost (novice FoFi)
  8419 | D:7      | Gained mutation: Your natural rate of healing is unusually fast. [potion of mutation]
  8419 | D:7      | Gained mutation: You are dopey. (Int -2) [potion of mutation]
  8419 | D:7      | Gained mutation: You are partially covered in molten scales. (AC +2) [potion of mutation]
  8419 | D:7      | Gained mutation: You have a pair of small antennae on your head. [potion of mutation]
  8423 | D:7      | Reached XP level 9. HP: 39/57 MP: 9/13
  8729 | D:8      | Found a sparkling altar of Nemelex Xobeh.
  8921 | D:8      | Found a staircase to the Lair.
  9471 | D:8      | Noticed Grum
  9477 | D:8      | Killed Grum
  9477 | D:8      | Reached XP level 10. HP: 65/65 MP: 13/16
  9827 | D:9      | Found a basalt altar of Yredelemnul.
  9829 | D:9      | Found a radiant altar of Vehumet.
  9890 | D:9      | Found a glowing silver altar of Zin.
  9972 | D:9      | Reached skill level 5 in Fighting
 10057 | D:9      | Reached skill level 5 in Spellcasting
 10119 | D:9      | Reached skill level 10 in Transmutations
 10222 | D:9      | Learned a level 4 spell: Ice Form
 10526 | D:10     | Entered Level 10 of the Dungeon
 10741 | D:10     | Reached skill level 10 in Unarmed Combat
 10841 | D:10     | Reached XP level 11. HP: 71/71 MP: 17/19
 11592 | D:10     | Noticed a two-headed ogre
 11596 | D:10     | Killed a two-headed ogre
 11900 | D:11     | Noticed a necromancer
 11906 | D:11     | Killed a necromancer
 12009 | D:11     | Noticed Josephine
 12014 | D:11     | Killed Josephine
 12099 | D:11     | Got a sparkling marble ring
 12100 | D:11     | Identified the ring "Jylyit" {+Fly Slay+3} (You found it on level 11 of the Dungeon)
 12278 | D:11     | Noticed Snorg
 12293 | D:11     | Killed Snorg
 12650 | D:11     | Noticed a brown ugly thing
 12659 | D:11     | Killed a brown ugly thing
 12949 | Lair:1   | Entered Level 1 of the Lair of Beasts
 12986 | Lair:1   | Noticed a six-headed hydra
 13017 | Lair:1   | Killed a six-headed hydra
 13355 | Lair:1   | Found a white marble altar of Elyvilon.
 13397 | Lair:1   | Reached XP level 12. HP: 59/79 MP: 19/21
 13858 | Lair:2   | Found a staircase to the Snake Pit.
 14326 | Lair:2   | Found a staircase to the Swamp.
 14895 | Lair:3   | Reached skill level 5 in Dodging
 14896 | Lair:3   | Noticed a four-headed hydra
 14911 | Lair:3   | Killed a four-headed hydra
 14993 | Lair:3   | Noticed Gastronok
 15010 | Lair:3   | Killed Gastronok
 15580 | Lair:3   | Bought a meat ration for 65 gold pieces
 15580 | Lair:3   | Bought a bread ration for 65 gold pieces
 15580 | Lair:3   | Bought a royal jelly for 26 gold pieces
 15580 | Lair:3   | Bought a bread ration for 65 gold pieces
 15580 | Lair:3   | Bought a bread ration for 65 gold pieces
 15580 | Lair:3   | Bought a meat ration for 65 gold pieces
 15580 | Lair:3   | Bought a bread ration for 65 gold pieces
 16046 | Lair:4   | Reached XP level 13. HP: 68/87 MP: 21/24
 17219 | Lair:5   | Noticed Eltigrechino's ghost (journeyman TrBe)
 17248 | Lair:5   | Killed Eltigrechino's ghost
 17588 | Lair:6   | Entered Level 6 of the Lair of Beasts
 18788 | Lair:6   | Noticed Nessos
 18795 | Lair:6   | Shot with an arrow by Nessos

Skill      XL: |  1  2  3  4  5  6  7  8  9 10 11 12 13 |
---------------+----------------------------------------+-----
Unarmed Combat | 4 5 7 8 10 11 12 13 | 13.1
Transmutations | 3 5 7 9 10 11 12 13 | 13.7
Fighting       | 3 4 5 6 7 8 |  8.9
Dodging        | 3 4 5 6 |  6.8
Spellcasting   | 3 4 5 6 7 8 |  8.3

Action                   |  1- 3 |  4- 6 |  7- 9 | 10-12 | 13-15 || total
-------------------------+-------+-------+-------+-------+-------++-------
Melee: Unarmed           |    74 |   154 |   302 |   475 |   208 ||  1213
       Constrict         |    18 |    34 |    15 |    73 |    33 ||   173
       Tentacles         |    14 |    23 |    10 |    78 |    22 ||   147
       Kick              |     6 |     4 |     2 |    20 |       ||    32
       Punch             |     1 |     4 |     3 |    24 |    19 ||    51
 Cast: Beastly Appendage |     5 |     6 |     2 |     7 |     1 ||    21
       Sticks to Snakes  |       |    16 |    45 |    42 |    14 ||   117
       Spider Form       |       |     7 |    25 |     3 |       ||    35
       Blade Hands       |       |       |       |    32 |    19 ||    51
       Ice Form          |       |       |       |     4 |     2 ||     6
Invok: Potion Petition   |       |     1 |     2 |       |       ||     3
       Call Merchant     |       |       |       |     1 |       ||     1
  Use: Potion            |       |     2 |     6 |     1 |     6 ||    15
       Scroll            |       |       |    11 |    10 |     2 ||    23
 Stab: Sleeping          |     4 |     8 |     1 |     4 |     1 ||    18
       Distracted        |       |       |     6 |     6 |     1 ||    13
  Eat: Bread ration      |     1 |     3 |     2 |       |       ||     6
       Meat ration       |       |       |     2 |     5 |     2 ||     9
       Fruit             |       |       |     1 |     7 |       ||     8
       Royal jelly       |       |       |       |       |     1 ||     1
Armor: Skin              |    12 |     6 |    16 |    60 |     8 ||   102
Dodge: Dodged            |    51 |    84 |   247 |   208 |    80 ||   670
Block: Buckler           |       |       |       |     5 |     3 ||     8
